 Dungeon Crawl Stone Soup version 0.30-a0-571-gdf30a72648 (webtiles) character file.

Game seed: 8136028243523018764

192130 sokol815 the Warrior (level 19, -2/135 HPs)
             Began as a Kobold Delver on Dec 30, 2022.
             Was the Champion of Wu Jian.
             Constricted to death by a nagaraja (3 damage)
             ... on level 4 of the Snake Pit.
             The game lasted 01:17:10 (25845 turns).

sokol815 the Warrior (Kobold Delver)               Turns: 25845, Time: 01:17:11

Health: -2/135     AC: 18    Str:  9    XL:     19   Next: 38%
Magic:  19/19      EV: 33    Int: 12    God:    Wu Jian [******]
Gold:   2119       SH: 19    Dex: 34    Spells: 17/18 levels left

rFire   + + .      SeeInvis +    a - +6 rapier of the Lame Duck {heavy, rC- rN++ Dex+6}
rCold   . . .      Faith    .    K - +3 kite shield {rPois}
rNeg    + + +      Spirit   .    k - +1 leather armour {rC+ rF+}
rPois   +          Reflect  .    r - +2 helmet {SInv}
rElec   .          Harm     .    u - +2 cloak {Stlth+}
rCorr   .          Rampage  .    F - +0 pair of gloves
Will    ++...      NoTele   +    C - +2 pair of boots
Stlth   ++++++++++               j - amulet of regeneration
HPRegen 1.22/turn                W - ring of willpower
MPRegen 0.16/turn                Z - ring "Bygh" {rF+ rN+ AC+4 Dex+4}

@: untranslocatable, hasted, constricted, very quick
A: small, no large weapons, nightstalker 3
a: Renounce Religion, Wall Jump, Serpent's Lash, Heavenly Storm


You were on level 4 of the Snake Pit.
You worshipped Wu Jian.
Wu Jian was exalted by your worship.
You visited 5 branches of the dungeon, and saw 27 of its levels.
You also visited: Bailey and Ice Cave.

You collected 2677 gold pieces.
You spent 558 gold pieces at shops.

Inventory:

Hand Weapons
 a - the +6 rapier of the Lame Duck (weapon) {heavy, rC- rN++ Dex+6}
   (You acquired it on level 3 of the Dungeon)

   It deals dramatically more damage, but attacks with it are much slower.
   Dex:       It affects your dexterity (+6).
   rC:        It makes you vulnerable to cold.
   rN:        It greatly protects you from negative energy.
 b - a +7 short sword of electrocution
   (You took it off Frances on level 14 of the Dungeon)
Armour
 k - a +1 leather armour of resistance (worn)
   (You found it in an ice cave)
 r - a +2 helmet of see invisible (worn)
   (You bought it in a shop on level 2 of the Orcish Mines)
 u - a +2 cloak of stealth (worn)
   (You bought it in a shop on level 2 of the Orcish Mines)
 A - +3 swamp dragon scales
   (You found it in a bailey)
 C - a +2 pair of boots (worn)
   (You bought it in a shop on level 2 of the Orcish Mines)
 F - a +0 pair of gloves (worn)
   (You found it on level 1 of the Lair of Beasts)
 K - a +3 kite shield of poison resistance (worn)
   (You took it off a tengu warrior on level 14 of the Dungeon)
 Q - a +3 buckler of cold resistance
   (You took it off a tengu warrior on level 13 of the Dungeon)
 V - a +1 kite shield of cold resistance
   (You took it off a naga warrior on level 2 of the Snake Pit)
Jewellery
 g - a ring of flight {+Fly, !d}
   (You found it in an ice cave)
 h - the ring "Fumilig" {SInv Stlth+}
   (You found it on level 2 of the Lair of Beasts)

   [ring of see invisible]

   SInv:      It lets you see invisible.
   Stlth:     It makes you more stealthy.
 j - an amulet of regeneration (around neck)
   (You found it on level 1 of the Dungeon)
 s - a +5 ring of evasion
   (You found it on level 9 of the Dungeon)
 w - the ring "Eponunli" {rN+ EV+5}
   (You found it in an ice cave)

   [ring of evasion]

   EV:        It affects your evasion (+5).
   rN:        It protects you from negative energy.
 W - a ring of willpower (left hand)
   (You found it on level 8 of the Dungeon)
 Z - the ring "Bygh" (right hand) {rF+ rN+ AC+4 Dex+4}
   (You found it on level 8 of the Dungeon)

   [ring of protection]

   AC:        It affects your AC (+4).
   Dex:       It affects your dexterity (+4).
   rF:        It protects you from fire.
   rN:        It protects you from negative energy.
Wands
 d - a wand of digging (15)
 e - a wand of charming (8)
   (You took it off a wight on level 8 of the Dungeon)
 i - a wand of iceblast (29)
   (You found it on level 8 of the Dungeon)
 p - a wand of light (14)
   (You found it on level 3 of the Lair of Beasts)
 q - a wand of flame (35)
   (You found it on level 8 of the Dungeon)
 y - a wand of mindburst (7)
   (You found it on level 1 of the Snake Pit)
Scrolls
 c - 5 scrolls of fog
 n - 4 scrolls of poison {!r}
 x - 9 scrolls of identify {@r1}
 D - a scroll of blinking {!r}
 E - 6 scrolls of fear
 O - 3 scrolls of silence
 S - a scroll of summoning
 X - 9 scrolls of magic mapping {@r4!r}
 Y - 5 scrolls of teleportation {@r3}
Potions
 f - 4 potions of attraction {!q}
 o - 7 potions of cancellation
 t - 2 potions of might
 B - 7 potions of brilliance
 G - a potion of ambrosia {!q}
 H - 4 potions of haste
 I - a potion of invisibility
 J - 6 potions of curing {@q1}
 L - a potion of flight
 M - 2 potions of magic
 P - a potion of lignification {!q}
 R - 3 potions of resistance
 T - 2 potions of berserk rage {!q}
 U - 3 potions of mutation {!q}
Miscellaneous
 l - a condenser vane
   (You found it on level 5 of the Lair of Beasts)
 m - a phantom mirror
   (You found it on level 2 of the Snake Pit)
 v - a lightning rod (inert)
   (You found it on level 2 of the Snake Pit)
 z - a box of beasts
   (You found it on level 5 of the Lair of Beasts)


   Skills:
 - Level 20.0 Fighting
 + Level 18.8 Short Blades
 - Level 18.0 Dodging
 - Level 18.0 Stealth
 - Level 10.3 Shields
 - Level 5.0 Translocations
 - Level 10.0 Evocations


You had 17 spell levels left.
You knew the following spells:

 Your Spells              Type           Power      Damage    Failure   Level
g - Apportation           Tloc           24%        N/A       19%         1

Your spell library contained the following spells:

 Spells                   Type           Power      Damage    Failure   Level
 Gell's Gravitas          Tloc           12%        N/A       50%         3
 Lesser Beckoning         Tloc           24%        N/A       50%         3
 Teleport Other           Tloc           12%        N/A       50%         3
 Beastly Appendage        Tmut           0%         N/A       82%         1
 Necrotise                Necr           0%         1d4       82%         1
 Slow                     Hex            0%         N/A       82%         1
 Summon Small Mammal      Summ           0%         N/A       82%         1
 Portal Projectile        Hex/Tloc       12%        N/A       83%         3
 Vhi's Electric Charge    Tloc/Air       12%        N/A       83%         3
 Ensorcelled Hibernation  Hex/Ice        0%         N/A       91%         2
 Passwall                 Tmut/Erth      0%         N/A       91%         2
 Wereblood                Tmut           0%         N/A       91%         2
 Call Canine Familiar     Summ           0%         N/A       99%         3
 Confusing Touch          Hex            0%         N/A       99%         3
 Ignite Poison            Fire/Tmut/Pois 0%         N/A       99%         3
 Inner Flame              Hex/Fire       0%         N/A       99%         3
 Spider Form              Tmut/Pois      0%         N/A       99%         3
 Summon Guardian Golem    Hex/Summ       0%         N/A       99%         3
 Swiftness                Air            0%         N/A       99%         3
 Vampiric Draining        Necr           0%         2d6       99%         3
 Anguish                  Hex/Necr       0%         N/A       100%        4
 Animate Dead             Necr           0%         N/A       100%        4
 Flame Wave               Conj/Fire      0%         2d4       100%        4
 Leda's Liquefaction      Hex/Erth       0%         N/A       100%        4
 Sticky Flame             Conj/Fire      0%         2d3       100%        4
 Summon Lightning Spire   Summ/Air       0%         N/A       100%        4
 Agony                    Necr           0%         N/A       100%        5
 Alistair's Intoxication  Tmut/Pois      0%         N/A       100%        5
 Blade Hands              Tmut           0%         N/A       100%        5
 Irradiate                Conj/Tmut      0%         3d11      100%        5
 Iskenderun's Battlesphe  Conj           0%         2d6       100%        5
 Iron Shot                Conj/Erth      0%         9d1       100%        6
 Dragon Form              Tmut           0%         N/A       100%        7
 Haunt                    Necr/Summ      0%         N/A       100%        7
 Malign Gateway           Summ/Tloc      3%         N/A       100%        7
 Spellforged Servitor     Conj/Summ      0%         N/A       100%        7
 Ignition                 Fire           0%         3d3       100%        8
 Infestation              Necr           0%         N/A       100%        8
 Summon Horrible Things   Summ           0%         N/A       100%        8


Dungeon Overview and Level Annotations

Branches:
Dungeon (15/15) Zot: 26101  Temple (1/1) D:5 Zot: 5677    Lair (5/5) D:8 Zot: 25239
 Shoals (0/4) Lair:3        Snake (4/4) Lair:2 Zot: 19809   Slime (0/5) Lair:4
    Orc (2/2) D:10 Zot: 10331     Elf (0/3) Orc:2        Vaults (0/5) D:14
 Depths (0/4) D:15         Bailey (visited)           IceCv (visited)

Altars:
Ashenzari
Cheibriados
Dithmenos
Elyvilon
Fedhas
Gozag
Hepliaklqana
Kikubaaqudgha
Makhleb
Nemelex Xobeh
Okawaru
Qazlal
Ru
Sif Muna
Trog
Uskayaw
Vehumet
Wu Jian
Xom
Yredelemnul
Zin
The Shining One
Jiyva

Shops:
D:5 *   D:11 =*   D:14 (   Orc:2 [[*(:   Snake:1 :

Portals:
Trove: D:13 (show slimy rune of Zot)

Annotations:
D:11 1 runed translucent door
D:14 Roxanne
Lair:2 2 transporters


Innate Abilities, Weirdness & Mutations

You are small and have problems with some larger weapons.
You are completely attuned to the shadows.


Message History

* * * LOW HITPOINT WARNING * * *
The nagaraja spits poison at you. The splash of poison misses you.
You regained 24 hp, and now have 39/135 hp.
You feel better. The nagaraja barely misses you.
You block the nagaraja's attack. The nagaraja constricts you.
The nagaraja points at you and mumbles some strange words.
You resist with some effort. You block the naga's attack.
You regained 7 hp, and now have 46/135 hp.
You closely miss the nagaraja. The nagaraja spits poison at you.
The splash of poison misses you. The nagaraja constricts you.
The nagaraja points at you and mumbles some strange words.
You resist with some effort.
The nagaraja casts a spell.
The nagaraja seems to speed up.
You block the naga's attack.
You barely miss the nagaraja. You block the nagaraja's attack. x2
The nagaraja constricts you. The nagaraja hits you with a +0 spear!
* * * LOW HITPOINT WARNING * * *
The naga completely misses you. You block the nagaraja's attack.
The nagaraja hits you but does no damage.
The nagaraja constricts you.
* * * LOW HITPOINT WARNING * * *
You take 18 damage, and have 29/135 hp.
Unknown command.
You hit the nagaraja.
The nagaraja points at you and mumbles some strange words.
The poison arrow misses you. The nagaraja hits you with a +0 spear!
* * * LOW HITPOINT WARNING * * *
The nagaraja hits you with a +0 spear!
* * * LOW HITPOINT WARNING * * *
The nagaraja constricts you.
* * * LOW HITPOINT WARNING * * *
You block the naga's attack. You block the nagaraja's attack.
You take 20 damage, and have 9/135 hp.
Unknown command.
You feel much better.
The nagaraja hits you but does no damage.
The nagaraja gestures at you while chanting.
The bolt of poison hits you. You resist.
* * * LOW HITPOINT WARNING * * *
The nagaraja constricts you.
* * * LOW HITPOINT WARNING * * *
The nagaraja gestures at you while chanting.
You resist with some effort. The nagaraja barely misses you.
You block the naga's attack.
You regained 14 hp, and now have 23/135 hp.
Here: a nagaraja, wielding a +0 spear and wearing a +0 robe (severely wounded, fast)
The floor, spattered with blood.
You puncture the nagaraja! The nagaraja spits poison at you.
You block the splash of poison. The nagaraja constricts you.
The nagaraja gestures at you while chanting.
The bolt of poison hits you!
You are poisoned.
You resist.
* * * LOW HITPOINT WARNING * * *
The nagaraja completely misses you.
The nagaraja hits you but does no damage.
The nagaraja constricts you.
* * * LOW HITPOINT WARNING * * *
You take 11 damage, and have 12/135 hp.
You feel much better.
You feel very sick. You block the nagaraja's attack. The naga misses you.
The nagaraja spits poison at you. The splash of poison hits you. You resist.
* * * LOW HITPOINT WARNING * * *
The nagaraja points at you and mumbles some strange words.
You resist with some effort. The nagaraja constricts you.
* * * LOW HITPOINT WARNING * * *
The nagaraja casts a spell at you. The bolt of poison hits you!
You are lethally poisoned!
You resist.
* * * LOW HITPOINT WARNING * * *
You regained 2 hp, and now have 14/135 hp.
You feel better. You block the nagaraja's attack.
The nagaraja hits you but does no damage.
The nagaraja constricts you. The naga completely misses you.
The nagaraja casts a spell at you.
You feel firmly anchored in space. You block the nagaraja's attack.
The nagaraja casts a spell at you. The bolt of poison misses you.
The nagaraja constricts you.
* * * LOW HITPOINT WARNING * * *
You regained 5 hp, and now have 19/135 hp.
Okay, then.
There is nothing to wall jump against here.
Unknown command.
Here: a nagaraja, wielding a +0 spear and wearing a +0 robe (almost dead, constricting you, fast)
The floor, spattered with blood.
Unknown command.
You feel yourself speed up. You block the nagaraja's attack.
You block the naga's attack. You block the nagaraja's attack.
The nagaraja hits you with a +0 spear!!
* * * LOW HITPOINT WARNING * * *
The nagaraja constricts you.
You die...

## ~.#### .....## .N~~.)#
N~≈~.~### ~≈≈≈.~≈~###
N≈≈†.~N)NN## ≈≈~.)..N@).##
~~~.~≈~###..# ##########
....~≈## #..###..##..#.##
#≈~~≈≈# ##..#...........#
#≈≈≈≈###..##............ ~~.#
####..##.............
......###.##..#.............[
..........#[...#..............
.........#.....##..............


You could see 3 nagarajas and a naga.

Vanquished Creatures
  Frances (D:14)
  Donald (Snake:4)
  2 azure jellies (IceCv)
  A rockslime (IceCv)
  6 nagarajas
  The ghost of Newt the Cleaver, a journeyman DsGl of Okawaru (Snake:1)
  2 orc warlords
  5 quicksilver oozes (IceCv)
  Azrael (D:13)
  2 dire elephants (Lair:5)
  4 fire dragons
  A vault guard (D:13)
  6 hydras
  2 two-headed ogres
  A death knight (D:14)
  A centaur warrior (D:14)
  10 anacondas
  3 boulder beetles
  8 naga warriors
  3 orc high priests (Orc:2)
  3 death yaks
  4 tengu warriors
  12 naga sharpshooters
  3 shock serpents (Snake:4)
  2 salamander mystics
  7 sea snakes
  A spectral death yak (Lair:5)
  A spectral anaconda (Lair:5)
  9 naga ritualists
  A phantasmal warrior (D:14)
  Pikel (D:4)
  3 orc knights (Orc:2)
  3 necromancers (Lair:5)
  17 mana vipers
  An obsidian statue (Lair:5)
  2 orange crystal statues (IceCv)
  5 ugly things (D:15)
  A salamander (shapeshifter) (D:13)
  6 orc sorcerers
  3 manticores
  3 cyclopes
  14 salamanders
  22 elephants
  40 black mambas
  An ice statue (D:15)
  A dire elephant zombie (Lair:5)
  14 naga magi
  Joseph (D:7)
  4 merfolk sirens (Lair:3)
  An eye of devastation (Lair:4)
  2 gargoyles (D:12)
  4 guardian serpents
  An unseen horror (D:11)
  Maggie (D:7)
  13 cane toads
  A dire elephant skeleton (Lair:5)
  2 rime drakes
  An efreet (D:15)
  4 kobold demonologists
  7 komodo dragons
  2 freezing wraiths
  9 trolls
  A polar bear (Lair:5)
  24 slime creatures
  A hornet (D:8)
  21 blink frogs
  A raiju (shapeshifter) (D:14)
  2 spectral elephants (Lair:5)
  3 spriggans (Bailey)
  70 yaks
  A shadow (D:11)
  4 basilisks
  A dire elephant simulacrum (Lair:5)
  6 fire elementals (D:13)
  7 wraiths
  11 wyverns
  3 steam dragons
  3 death yak simulacra (Lair:5)
  18 vampire mosquitoes
  7 wargs
  Grum (D:8)
  A spectral cane toad (Lair:5)
  36 nagas
  16 water moccasins
  3 acid dragons
  A floating eye (Lair:4)
  34 orc warriors
  A black bear (D:6)
  A hell hound (D:13)
  4 great orb of eyes simulacra (IceCv)
  An ice beast (D:8)
  8 ogres
  An ogre (shapeshifter) (D:15)
  3 centaurs (D:7)
  An elephant skeleton (Lair:5)
  18 wolves
  5 slime creature simulacra (IceCv)
  4 kobold brigands
  12 bullfrogs
  4 cane toad simulacra (Lair:5)
  4 necrophages
  6 glowing shapeshifter simulacra (IceCv)
  4 wights (D:8)
  2 elephant simulacra (Lair:5)
  3 howler monkeys
  2 electric eels
  2 jellies (D:6)
  29 orc priests
  2 hounds
  A gnoll bouda (D:7)
  24 orc wizards
  3 iguanas
  8 gnolls
  9 adders
  2 shadow imps
  A white imp (D:6)
  An ufetubus (D:6)
  3 dart slugs
  62 orcs
  4 endoplasms
  5 giant cockroaches
  6 goblins
  9 hobgoblins
  2 quokkas
  10 ball pythons
  6 bats
  5 frilled lizards
  26 kobolds
  7 rats
881 creatures vanquished.

Vanquished Creatures (others)
  An ugly thing (D:15)
  A naga (Snake:4)
  4 bushes
  10 fungi
  58 plants
  6 withered plants (Lair:5)
80 creatures vanquished.

Grand Total: 961 creatures vanquished

Notes
Turn   | Place    | Note
-------+----------+-------------------------------------------
     0 | D:5      | sokol815 the Kobold Delver began the quest for the Orb.
     0 | D:5      | Reached XP level 1. HP: 14/14 MP: 1/1
    42 | D:5      | Found Zin's Purification Station.
    45 | D:5      | Found a glowing silver altar of Zin.
   205 | D:4      | Noticed a bullfrog
   209 | D:4      | Killed a bullfrog
   210 | D:4      | Reached skill level 5 in Short Blades
   210 | D:4      | Reached XP level 2. HP: 19/19 MP: 2/2
   210 | D:4      | Reached XP level 3. HP: 23/23 MP: 3/3
   210 | D:4      | Reached XP level 4. HP: 28/28 MP: 4/4
   404 | D:2      | Reached skill level 6 in Short Blades
   661 | D:1      | Reached XP level 5. HP: 32/32 MP: 5/5
  1407 | D:1      | Reached skill level 7 in Short Blades
  1628 | D:3      | Reached XP level 6. HP: 37/37 MP: 6/6
  1630 | D:3      | Reached skill level 8 in Short Blades
  1901 | D:3      | Identified a scroll of acquirement
  1901 | D:3      | Acquired the +6 rapier of the Lame Duck {heavy, rC- rN++
                  | Dex+6}
  2436 | D:4      | Noticed Pikel
  2450 | D:4      | HP: 9/37 [Pikel/+0 whip of freezing (1)]
  2451 | D:4      | Killed Pikel
  2452 | D:4      | Reached skill level 11 in Short Blades
  2452 | D:4      | Reached XP level 7. HP: 11/41 MP: 7/7
  2452 | D:4      | Reached XP level 8. HP: 13/46 MP: 8/8
  2979 | D:5      | Reached skill level 12 in Short Blades
  3118 | D:5      | Found a sparkling altar of Nemelex Xobeh.
  3121 | D:5      | Found a radiant altar of Vehumet.
  3125 | D:5      | Found a broken altar of Ashenzari.
  3299 | D:5      | Found a staircase to the Ecumenical Temple.
  3305 | Temple   | Entered the Ecumenical Temple
  3609 | Temple   | Became a worshipper of the Wu Jian Council
  3715 | D:6      | Reached skill level 1 in Shields
  3720 | D:6      | Reached skill level 2 in Shields
  4363 | D:7      | Reached skill level 3 in Shields
  4386 | D:7      | Reached XP level 9. HP: 47/51 MP: 9/9
  4402 | D:7      | Found a flagged portal.
  4438 | Bailey   | Entered a bailey
  4459 | Bailey   | Reached * piety under Wu Jian
  4460 | Bailey   | Reached skill level 13 in Short Blades
  4460 | Bailey   | Reached skill level 4 in Shields
  4506 | Bailey   | Reached skill level 14 in Short Blades
  4520 | Bailey   | Noticed a two-headed ogre
  4525 | Bailey   | Killed a two-headed ogre
  4526 | Bailey   | Reached skill level 4 in Fighting
  4526 | Bailey   | Reached skill level 4 in Dodging
  4526 | Bailey   | Reached skill level 7 in Stealth
  4527 | Bailey   | HP: 13/52 [steam dragon/ball of steam (24)]
  4532 | Bailey   | HP: 2/52 [steam dragon] (6)]
  4535 | Bailey   | Reached skill level 8 in Stealth
  4535 | Bailey   | Reached XP level 10. HP: 6/58 MP: 10/10
  4648 | Bailey   | Reached skill level 5 in Fighting
  4844 | D:6      | Reached skill level 5 in Dodging
  4987 | D:6      | Reached skill level 9 in Stealth
  5196 | D:7      | Noticed Joseph
  5199 | D:7      | Killed Joseph
  5200 | D:7      | Reached skill level 6 in Fighting
  5200 | D:7      | Reached skill level 6 in Dodging
  5515 | D:7      | Noticed Maggie
  5532 | D:7      | Killed Maggie
  5833 | D:7      | Found a stormy altar of Qazlal.
  5897 | D:8      | Reached skill level 10 in Stealth
  5967 | D:8      | Reached skill level 7 in Dodging
  6067 | D:8      | Reached skill level 7 in Fighting
  6159 | D:8      | Noticed Grum
  6159 | D:8      | Reached ** piety under Wu Jian
  6160 | D:8      | Reached XP level 11. HP: 67/67 MP: 11/11
  6179 | D:8      | Killed Grum
  6187 | D:8      | Identified the +1 robe "Oskuguh" {Str+3 Int+2}
  6232 | D:8      | Reached skill level 11 in Stealth
  6311 | D:8      | Reached skill level 8 in Dodging
  6392 | D:8      | Identified the ring "Bygh" {rF+ rN+ AC+4 Dex+4}
  6584 | D:8      | Reached skill level 8 in Fighting
  6818 | D:8      | Found a staircase to the Lair.
  7115 | Lair:1   | Entered Level 1 of the Lair of Beasts
  7155 | Lair:1   | Reached skill level 12 in Stealth
  7160 | Lair:1   | Reached skill level 9 in Dodging
  7252 | Lair:1   | Reached *** piety under Wu Jian
  7283 | Lair:1   | Reached skill level 9 in Fighting
  7335 | Lair:1   | Identified the +1 ring mail of Inviolability {+Blink rPois
                  | rF- Str+2}
  7351 | Lair:1   | Noticed a six-headed hydra
  7358 | Lair:1   | Killed a six-headed hydra
  7454 | Lair:1   | Reached skill level 13 in Stealth
  7461 | Lair:1   | Reached XP level 12. HP: 76/76 MP: 12/12
  7462 | Lair:1   | Reached skill level 10 in Dodging
  7808 | Lair:2   | Noticed a five-headed hydra
  7809 | Lair:2   | Killed a five-headed hydra
  7824 | Lair:2   | Found a staircase to the Snake Pit.
  7850 | Lair:2   | Reached skill level 10 in Fighting
  7883 | Lair:2   | Reached skill level 14 in Stealth
  7886 | Lair:2   | Reached skill level 11 in Dodging
  7978 | Lair:2   | Found a transporter.
  8270 | Lair:2   | Identified the ring "Fumilig" {SInv Stlth+}
  8311 | Lair:2   | Found a transporter.
  8730 | Lair:3   | Reached skill level 15 in Stealth
  8737 | Lair:3   | Reached skill level 12 in Dodging
  8737 | Lair:3   | Reached skill level 1 in Evocations
  8761 | Lair:3   | Reached skill level 2 in Evocations
  8763 | Lair:3   | Found a staircase to the Shoals.
  8764 | Lair:3   | Reached skill level 3 in Evocations
  8768 | Lair:3   | Reached **** piety under Wu Jian
  8769 | Lair:3   | Reached skill level 4 in Evocations
  8885 | Lair:3   | Reached skill level 5 in Evocations
  8937 | Lair:3   | Reached XP level 13. HP: 82/82 MP: 13/13
  8939 | Lair:3   | Reached skill level 6 in Evocations
  9485 | Lair:4   | Found a viscous altar of Jiyva.
  9485 | Lair:4   | Found a staircase to the Slime Pits.
  9625 | Lair:4   | Found a glowing silver altar of Zin.
  9771 | Lair:4   | Reached skill level 7 in Evocations
  9966 | Lair:4   | Reached skill level 16 in Stealth
  9979 | Lair:4   | HP: 15/84 [komodo dragon (10)]
  9981 | Lair:4   | Reached skill level 11 in Fighting
 10111 | Lair:4   | Reached skill level 13 in Dodging
 10481 | Lair:5   | Entered Level 5 of the Lair of Beasts
 10564 | Lair:5   | Reached ***** piety under Wu Jian
 10590 | Lair:5   | Reached skill level 8 in Evocations
 10637 | Lair:5   | Reached XP level 14. HP: 76/90 MP: 14/14
 11083 | Lair:5   | Reached skill level 9 in Evocations
 11085 | Lair:5   | Reached skill level 17 in Stealth
 11119 | Lair:5   | Reached skill level 12 in Fighting
 11169 | Lair:5   | Reached skill level 14 in Dodging
 11276 | Lair:5   | Reached skill level 10 in Evocations
 11287 | Lair:5   | Reached skill level 18 in Stealth
 11418 | Lair:5   | Learned a level 1 spell: Apportation
 11446 | Lair:5   | Reached skill level 1 in Translocations
 11574 | Lair:5   | Noticed a dire elephant
 11574 | Lair:5   | Noticed a dire elephant
 11576 | Lair:5   | Killed a dire elephant
 11577 | Lair:5   | Killed a dire elephant
 11585 | Lair:5   | Reached skill level 2 in Translocations
 11747 | Lair:5   | Reached skill level 5 in Shields
 11961 | D:9      | Found an ancient bone altar of Kikubaaqudgha.
 12531 | D:9      | Identified the +5 ring mail of the Spheres {rF- Int+3
                  | Dex+4}
 12841 | D:10     | Entered Level 10 of the Dungeon
 12898 | D:10     | Found a staircase to the Orcish Mines.
 13048 | D:10     | Reached skill level 3 in Translocations
 13236 | D:10     | Reached ****** piety under Wu Jian
 13240 | D:10     | Reached XP level 15. HP: 97/97 MP: 15/15
 13449 | D:10     | Reached skill level 6 in Shields
 14029 | D:11     | Found Momamm's Jewellery Shoppe.
 14155 | D:11     | Reached skill level 4 in Translocations
 14300 | D:11     | Found Qeadwe's General Store.
 14305 | D:11     | Bought a scroll of noise for 12 gold pieces
 14420 | D:11     | Reached skill level 13 in Fighting
 14471 | D:11     | Found a runed translucent door.
 14739 | D:11     | Found a burning altar of Makhleb.
 15232 | Orc:1    | Entered Level 1 of the Orcish Mines
 15241 | Orc:1    | Noticed an orc warlord
 15265 | Orc:1    | Killed an orc warlord
 15427 | Orc:2    | Entered Level 2 of the Orcish Mines
 15515 | Orc:2    | HP: 21/98 [orc priest/divine providence (14)]
 15517 | Orc:2    | Noticed an orc warlord
 15531 | Orc:2    | HP: 13/98 [orc warlord/+2 war axe of electrocution (26)]
 15535 | Orc:2    | Killed an orc warlord
 15536 | Orc:2    | Reached skill level 7 in Shields
 15542 | Orc:2    | HP: 20/99 [smoke demon/divine providence[an orc high
                  | priest] (11)]
 15544 | Orc:2    | HP: 7/99 [burnt (3)]
 15556 | Orc:2    | HP: 7/99 [orc priest/divine providence (13)]
 15561 | Orc:2    | Reached skill level 5 in Translocations
 15568 | Orc:2    | HP: 15/99 [orc high priest/divine providence (13)]
 15604 | Orc:2    | HP: 15/99 [orc priest/divine providence (17)]
 15820 | Orc:2    | Reached skill level 8 in Shields
 16051 | Orc:2    | Found Woryl's Antique Armour Shop.
 16060 | Orc:2    | Bought a pair of embroidered boots for 217 gold pieces
 16060 | Orc:2    | Bought an embroidered cloak for 217 gold pieces
 16179 | Orc:2    | Found Hakhorch's General Store.
 16179 | Orc:2    | Found Yreizie's Book Boutique.
 16188 | Orc:2    | Found Huef's Antique Armour Shop.
 16189 | Orc:2    | Found Tooxkeri's Antique Weapon Shop.
 16193 | Orc:2    | Bought a shiny helmet for 112 gold pieces
 16388 | Orc:2    | Found a staircase to the Elven Halls.
 16770 | Orc:1    | Reached skill level 14 in Fighting
 18041 | D:13     | Reached XP level 16. HP: 107/107 MP: 16/16
 18455 | D:13     | Noticed Azrael
 18458 | D:13     | Reached skill level 15 in Fighting
 18469 | D:13     | Killed Azrael
 18571 | D:13     | Found a portal to a secret trove of treasure.
 18898 | D:14     | Noticed Frances
 18901 | D:14     | Killed Frances
 18902 | D:14     | Reached skill level 9 in Shields
 18906 | D:14     | Reached skill level 10 in Shields
 18906 | D:14     | Reached XP level 17. HP: 113/113 MP: 17/17
 19272 | D:14     | Found Goheagag's Weapon Emporium.
 19349 | D:14     | Identified the +2 short sword "Kiwnan Kaus" {heavy, rN+
                  | Str+4}
 19372 | D:14     | Identified Roxanne's Incunabulum of Metamorphosis
 19372 | D:14     | Noticed Roxanne
 19501 | D:14     | Found a hazy altar of Hepliaklqana.
 19620 | D:14     | Found a gate to the Vaults.
 19882 | D:15     | Entered Level 15 of the Dungeon
 19941 | D:15     | Found a frozen archway.
 19972 | D:15     | Reached skill level 15 in Dodging
 19979 | IceCv    | Entered an ice cave
 20311 | IceCv    | Found a viscous altar of Jiyva.
 20384 | IceCv    | Identified the ring "Eponunli" {rN+ EV+5}
 20395 | IceCv    | Got the +6 whip of the Vulture {freeze, rPois}
 20481 | IceCv    | Reached skill level 15 in Short Blades
 20842 | D:15     | Reached skill level 16 in Dodging
 20870 | D:15     | Found a glowing golden altar of the Shining One.
 21101 | D:15     | Found a staircase to the Depths.
 21620 | Snake:1  | Entered Level 1 of the Snake Pit
 21710 | Snake:1  | Found a runed translucent door.
 21711 | Snake:1  | Noticed Newt's ghost (journeyman DsGl)
 21788 | Snake:1  | Found Eruof's Book Shop.
 22259 | Snake:1  | Killed Newt's ghost
 22260 | Snake:1  | Reached skill level 16 in Short Blades
 22354 | Snake:2  | Reached XP level 18. HP: 119/119 MP: 18/18
 22927 | Snake:2  | Reached skill level 17 in Dodging
 23038 | Snake:2  | Acquired a manual of Fighting
 23184 | Snake:2  | Found the brooch of Shielding {Spirit SH+8}
 23385 | Snake:2  | Reached skill level 17 in Short Blades
 23527 | Snake:2  | Reached skill level 16 in Fighting
 24196 | Snake:3  | Reached skill level 17 in Fighting
 24493 | Snake:4  | Entered Level 4 of the Snake Pit
 24585 | Snake:4  | Got the Quarto of Transfiguration
 24760 | Snake:4  | Reached skill level 18 in Fighting
 24987 | Snake:4  | Noticed Donald
 24990 | Snake:4  | Killed Donald
 25026 | Snake:4  | Reached skill level 18 in Dodging
 25208 | Snake:4  | Reached XP level 19. HP: 124/132 MP: 19/19
 25258 | Snake:4  | Got the Lessons on the Welkin
 25409 | Snake:4  | Reached skill level 18 in Short Blades
 25423 | Snake:4  | Reached skill level 19 in Fighting
 25807 | Snake:4  | Reached skill level 20 in Fighting
 25833 | Snake:4  | HP: 19/135 [nagaraja/+0 spear (17)]
 25839 | Snake:4  | HP: 32/135 [nagaraja/+0 spear (15)]
 25840 | Snake:4  | HP: 13/135 [nagaraja/+0 spear (9)]
 25845 | Snake:4  | HP: 1/135 [nagaraja/+0 spear (19)]
 25845 | Snake:4  | Constricted to death by a nagaraja

Illustrated notes

Levels and vault maps discovered:
D:1:      psy_arrival_statuary, layout_basic, item_on_display_a
D:2:      layout_rooms, minmay_misc_feat_rugged
D:3:      layout_loops_ring
D:4:      layout_rooms, minmay_diced_spiral, uniq_pikel
D:5:      layout_rooms, zin_purify, grunt_temple_overflow_open,
          minmay_temple_entry_water_ring, minmay_statues_item
D:6:      layout_basic, kennysheep_generic_room_9
D:7:      layout_loops_ring, nicolae_qazlal_general_emergency, enter_bailey_6,
          chequers_decorated_corner, uniq_joseph, uniq_maggie
D:8:      layout_layer_cave, minmay_lair_entry_grove, uniq_grum
D:9:      layout_basic, mainiacjoe_overflow_alcove_1
D:10:     layout_rooms, david_orc_1_choice, grunt_ministairs_7
D:11:     layout_layer_cave, nicolae_wooded_promenade, nzn_makhleb_speed_demon
D:12:     layout_stronghold
D:13:     layout_loops_ring, enter_trove_5, uniq_azrael
D:14:     minmay_inner_zag, layout_small_grid, serial_shops, shop,
          nicolae_hepliaklqana_hippocampus, uniq_frances, uniq_roxanne
D:15:     grunt_enter_depths_hoard, layout_cave_pools, minivault_23,
          portal_ice_cave_entry_ice_statue_one, chequers_serial_rivers_micro_c,
          minmay_misc_feat_roman, tso_oasis_becter
Temple:   compressed_dpeg_triangle_lava_temple
Lair:1:   layout_roguey, grunt_megastairs_3
Lair:2:   gammafunk_worm_tunnel, layout_long_grid,
          minmay_snake_entry_guardpost_small
Lair:3:   layout_long_grid, elwin_shoals_entry_stream, lemuel_fruit_fields,
          serial_bayou_shore_b, lemuel_fruit_tree, infiniplex_staircase_pool_2
Lair:4:   wad_woods_stonehenge, layout_long_grid, minmay_slime_entry_eyes,
          beast_lair_carwin_5
Lair:5:   due_jungle_book, layout_misc_corridors
Snake:1:  layout_grid_shapes, gammafunk_ghost_grave, nicolae_take_the_stairs
Snake:2:  nicolae_snake_nest, layout_basic, nicolae_snake_naga_rites
Snake:3:  layout_onion_interference, nicolae_integral_box, serial_bayou_shore_a
Snake:4:  grunt_snake_rune_pools, layout_grid_shapes, uniq_donald
Orc:1:    cheibrodos_orc_guarddog, layout_caves
Orc:2:    st_orc_congregation, layout_diamond_mine, serial_shops, shop

Skill      XL: |  1  2  3  4  5  6  7  8  9 10 11 12 13 14 15 16 17 18 19 |
---------------+----------------------------------------------------------+-----
Short Blades   | 5 6 7 11 12 14 16 17 18 | 18.8
Shields        | 3 4 5 8 10 | 10.3
Fighting       | 4 7 9 10 11 12 14 15 18 20 | 20.0
Dodging        | 4 7 9 12 13 14 16 18 | 18.0
Stealth        | 8 10 13 15 16 18 | 18.0
Evocations     | 5 8 10 | 10.0
Translocations | 3 5 |  5.0

Action                   |  1- 3 |  4- 6 |  7- 9 | 10-12 | 13-15 | 16-18 | 19-21 || total
-------------------------+-------+-------+-------+-------+-------+-------+-------++-------
Melee: Short sword       |     2 |   138 |       |       |       |   166 |       ||   306
       Punch             |       |     2 |       |       |       |       |       ||     2
       Rapier            |       |    26 |    81 |   300 |   963 |   654 |   172 ||  2196
       Dagger            |       |    12 |       |       |       |       |       ||    12
Invok: Lunge             |       |       |    14 |    51 |    91 |    78 |     9 ||   243
       Whirlwind         |       |       |       |    10 |   168 |    64 |    28 ||   270
       Heavenly Storm    |       |       |       |       |     2 |     1 |     1 ||     4
 Abil: Wall Jump         |       |       |       |     1 |       |       |     3 ||     4
Evoke: Wand              |       |       |       |       |       |     2 |       ||     2
       Lightning rod     |       |       |       |       |       |       |     4 ||     4
  Use: Scroll            |       |     9 |     1 |    11 |    10 |    10 |       ||    41
       Potion            |       |       |     2 |     1 |     5 |     1 |     6 ||    15
 Stab: Sleeping          |     2 |    41 |    19 |    37 |   114 |    92 |     2 ||   307
       Distracted        |       |       |     1 |     7 |     5 |     5 |     1 ||    19
Armor: Leather armour    |       |    29 |     4 |     1 |       |    32 |    28 ||    94
       Swamp dragon scal |       |       |       |    31 |    94 |    40 |       ||   165
Dodge: Dodged            |       |    95 |    30 |   162 |   580 |   518 |   224 ||  1609
Block: Buckler           |       |       |    13 |    88 |   281 |   155 |       ||   537
       Kite shield       |       |       |       |       |       |   392 |   221 ||   613

Table legend: (Time is in decaauts)
 A = Elapsed time spent in this place.
 B = Non-inter-level travel time spent in this place.
 C = Inter-level travel time spent in this place.
 D = Time resting spent in this place.
 E = Time spent auto-exploring this place.
 F = Levels seen in this place.
 G = Mean time per level.
                   A        B        C        D        E       F      G
               +--------+--------+--------+--------+--------+-----+--------+
         Total |  25424 |  23892 |   1532 |    891 |  18304 |  29 |  876.7 |
       Dungeon |  13532 |  12692 |    840 |    163 |  10618 |  15 |  902.1 |
        Temple |    322 |    265 |     57 |      0 |    250 |   1 |  322.0 |
          Lair |   4760 |   4399 |    361 |    219 |   3245 |   5 |  952.0 |
     Snake Pit |   4190 |   3975 |    215 |    284 |   2774 |   4 | 1047.5 |
  Orcish Mines |   1668 |   1610 |     58 |     56 |   1200 |   2 |  834.0 |
        Bailey |    219 |    219 |      0 |     38 |    102 |   1 |  219.0 |
      Ice Cave |    731 |    731 |      0 |    131 |    114 |   1 |  731.0 |
               +--------+--------+--------+--------+--------+-----+--------+

Top non-repeatable levels by time:
    D:11: 1725 daAuts
 Snake:2: 1327 daAuts
  Lair:5: 1326 daAuts
     D:8: 1280 daAuts
 Snake:4: 1130 daAuts
     D:6: 1129 daAuts
    D:14: 1092 daAuts
   Orc:2: 1046 daAuts
    D:13: 1042 daAuts
  Lair:4: 1038 daAuts
 Snake:3: 965 daAuts
     D:9: 880 daAuts
    D:12: 861 daAuts
  Lair:3: 859 daAuts
     D:3: 806 daAuts

Table legend:
 A = Kills in this place as a percentage of kills in entire the game.
 B = Kills by you in this place as a percentage of kills by you in the entire game.
 C = Kills by friends in this place as a percentage of kills by friends in the entire game.
 D = Other kills in this place as a percentage of other kills in the entire game.
 E = Experience gained in this place as a percentage of experience gained in the entire game.
 F = Experience gained in this place divided by the number of levels of this place that you have seen.
                   A       B       C       D       E      F
               +-------+-------+-------+-------+-------+----------------------
         Total | 100.0 | 100.0 |   N/A | 100.0 | 100.0 | 8517.0
       Dungeon |  38.1 |  38.0 |   N/A |  50.0 |  22.7 | 3741.6
          Lair |  21.9 |  21.9 |   N/A |   0.0 |  23.3 | 11510.6
     Snake Pit |  20.2 |  20.1 |   N/A |  50.0 |  39.3 | 24246.0
  Orcish Mines |  14.4 |  14.4 |   N/A |   0.0 |   7.2 | 8901.0
        Bailey |   0.9 |   0.9 |   N/A |   0.0 |   0.8 | 2024.0
      Ice Cave |   4.6 |   4.7 |   N/A |   0.0 |   6.7 | 16506.0
               +-------+-------+-------+-------+-------+----------------------
